 Dungeon Crawl Stone Soup version 0.24-a0-725-gf1a930fc54 (webtiles) character file.

Game seed: 12374917272201482504, levelgen mode: deterministic

174060 MisterOstroum the Markscentaur (level 17, -11/234 HPs)
             Began as a Centaur Monk on Sept 30, 2019.
             Was a High Priest of Trog.
             Hit by a large rock thrown by Polyphemus (35 damage)
             ... on level 2 of the Shoals on Oct 1, 2019.
             The game lasted 02:14:33 (46846 turns).

MisterOstroum the Markscentaur (Centaur Monk)      Turns: 46846, Time: 02:14:34

Health: -11/234    AC: 27    Str: 26    XL:     17   Next: 44%
Magic:  22/22      EV:  9    Int:  9    God:    Trog [*****.]
Gold:   2333       SH:  0    Dex: 20    Spells: 16/16 levels left

rFire    . . .     SeeInvis .   a - +6 halberd (venom)
rCold    . . .     Gourm    .   (shield currently unavailable)
rNeg     . . .     Faith    +   f - +0 plate armour
rPois    +         Spirit   .   k - +2 hat
rElec    .         Reflect  .   g - +2 cloak {rPois}
rCorr    .         Harm     .   l - +2 pair of gloves
MR       +....                  J - +1 centaur barding
Stlth    ..........             j - amulet of faith
HPRegen  0.49/turn              L - +2 ring of strength
MPRegen  0.18/turn              d - +6 ring of dexterity

@: berserking, studying Dodging, very quick
A: large, hooves 3, deformed body, speed 2, tough skin 3
a: Berserk, Trog's Hand, Brothers in Arms, Renounce Religion


You were on level 2 of the Shoals.
You worshipped Trog.
Trog was extremely pleased with you.
You were hungry.

You visited 6 branches of the dungeon, and saw 28 of its levels.
You also visited: Bailey, Ice Cave and Volcano.

You collected 2701 gold pieces.
You spent 368 gold pieces at shops.

Inventory:

Hand Weapons
 a - a +6 halberd of venom (weapon)
 b - a +4 longbow of freezing
 c - a +1 antimagic glaive
 m - a +0 glaive of flaming
Missiles
 i - a throwing net (quivered) {!f}
 q - 416 arrows
Armour
 f - a +0 plate armour (worn)
 g - a +2 cloak of poison resistance (worn)
 k - a +2 hat (worn)
 l - a +2 pair of gloves (worn)
 y - a scarf of spirit shield
 J - a +1 centaur barding (worn)
Jewellery
 d - a +6 ring of dexterity (right hand)
 h - an uncursed ring of positive energy
 j - an amulet of faith (around neck)
 B - an uncursed ring of protection from cold
 L - a +2 ring of strength (left hand)
Wands
 o - a wand of flame (41)
 p - a wand of random effects (19)
 t - a wand of polymorph (13)
 E - a wand of iceblast (47)
 N - a wand of paralysis (18)
 X - a wand of scattershot (3)
Scrolls
 s - 5 scrolls of teleportation {@r3 !r}
 u - a scroll of torment
 x - a scroll of blinking {@r4}
 D - a scroll of enchant armour
 M - a scroll of silence
 R - 5 scrolls of fog {!r}
 S - a scroll of remove curse {@r2}
 T - a scroll of brand weapon
 U - a scroll of vulnerability
 V - a scroll of holy word
 W - a scroll of immolation
 Y - a scroll of magic mapping {@r5 !r}
 Z - 3 scrolls of fear {!r}
Potions
 n - 4 potions of mutation
 r - a potion of brilliance
 v - 3 potions of magic
 w - 2 potions of lignification {@q6}
 A - 6 potions of heal wounds {@q2 !q}
 C - a potion of cancellation
 F - 2 potions of haste {@q4 !q}
 G - 10 potions of curing {@q1 !q}
 H - 4 potions of resistance
 I - 6 potions of flight
 O - 5 potions of might {@q3 !q}
 P - 6 potions of agility {@q5 !q}
Books
 z - a manual of Dodging
Miscellaneous
 K - a lightning rod (4/4)
Comestibles
 e - 28 rations
 Q - 2 chunks of flesh


   Skills:
 + Level 15.2 Fighting
 + Level 10.3 Polearms
   Level 4.0 Slings
 - Level 20.0 Bows
 * Level 9.1 Armour
 * Level 9.6 Dodging
 - Level 1.1 Stealth
 - Level 7.0 Evocations


You had 16 spell levels left.
You didn't know any spells.
Your spell library contained the following spells:

 Spells                   Type           Power        Failure   Level  Hunger
 Animate Skeleton         Necr           N/A          99%         1    ##.....
 Pain                     Necr           #...         99%         1    ##.....


Dungeon Overview and Level Annotations

Branches:
Dungeon (14/15)            Temple (1/1) D:4            Lair (6/6) D:9
 Shoals (2/4) Lair:3        Snake (3/4) Lair:3          Orc (2/2) D:11
    Elf (0/3) Orc:2        Vaults (0/5) D:13         Bailey (visited)
  IceCv (visited)         Volcano (visited)
  Slime: Lair:5-6

Altars:
Ashenzari
Cheibriados
Dithmenos
Elyvilon
Fedhas
Gozag
Hepliaklqana
Kikubaaqudgha
Makhleb
Nemelex Xobeh
Okawaru
Qazlal
Ru
Sif Muna
Trog
Uskayaw
Vehumet
Wu Jian
Xom
Yredelemnul
Zin
The Shining One
Jiyva

Shops:
D:6 (   D:11 %   D:14 (   Shoals:1 [   Snake:3 }

Annotations:
D:5 4 runed translucent doors, exclusion: door, Crazy Yiuf; Susanna's ghost, amateur DsGl
D:10 3 runed translucent doors, exclusion: 3 doors, tilp's ghost, journeyman TeAE
D:12 3 runed translucent doors, Jeampu's ghost, journeyman TrHu
Lair:2 exclusion: oklob plant
Shoals:2 Polyphemus
Snake:3 Asterion; Mara


Innate Abilities, Weirdness & Mutations

You have hooves in place of feet.
Armour fits poorly on your strangely shaped body.
You cover ground very quickly.
You have extremely tough skin. (AC +3)


Message History

You kick the death yak, but do no damage.
The death yak is almost dead.
The catoblepas gores you but does no damage.
The manticore closely misses you.
The manticore claws you but does no damage.
The manticore claws you.
You slice the death yak!!
You feel the power of Trog in you as your rage grows.
You kill the death yak!
Trog accepts your kill. The death yak gores you!
The catoblepas gores you but does no damage.
You completely miss the manticore. You kick the manticore!
You kill the manticore!
Trog accepts your kill. The death yak gores you!
You are too injured to fight recklessly!
You are too injured to fight recklessly!
You are too injured to fight recklessly!
You are too injured to fight recklessly!
You are too injured to fight recklessly!
You are too injured to fight recklessly!
You are too injured to fight recklessly!
You are too injured to fight recklessly!
You are too injured to fight recklessly!
Unknown command.
Unknown command.
You slice the death yak!!
The death yak looks as sick as possible!
You kick the death yak!
The death yak is heavily wounded.
You carefully extract the barbed spikes from your body.
Polyphemus throws a large rock.
The large rock hits you!
The catoblepas gores you but does no damage.
You slash the death yak!
The death yak looks as sick as possible!
Your kick misses the death yak.
The death yak is heavily wounded.
The death yak gores you but does no damage.
Polyphemus throws a large rock.
The large rock misses you.
The large rock hits the catoblepas!
The catoblepas gores you but does no damage.
You impale the death yak!!
The death yak looks as sick as possible!
You kick the death yak!
You kill the death yak!
Trog accepts your kill.
The catoblepas gores you but does no damage.
Attack whom?
Press: ? - help, Dir - move target cursor, f - Polyphemus
Aim: Polyphemus You reach to attack!
You puncture Polyphemus!
Polyphemus is lightly wounded.
Attack whom?
Press: ? - help, Dir - move target cursor, f/p - Polyphemus
Aim: Polyphemus (lightly wounded)
You reach to attack!
You slice Polyphemus!!
Polyphemus is poisoned.
Polyphemus is moderately wounded.
A manticore comes into view.
Polyphemus throws a large rock.
The large rock hits you!!!
* * * LOW HITPOINT WARNING * * *
The catoblepas gores you but does no damage.
Attack whom?
Press: ? - help, Dir - move target cursor, f/p - Polyphemus
Aim: Polyphemus (moderately wounded, poisoned)
You reach to attack!
You slash Polyphemus!
Polyphemus is moderately wounded.
Attack whom?
Press: ? - help, Dir - move target cursor, f/p - Polyphemus
Aim: Polyphemus (moderately wounded, poisoned)
You reach to attack!
You slice Polyphemus!!
Polyphemus looks as sick as possible!
Polyphemus is heavily wounded.
Polyphemus throws a large rock.
The large rock hits you!
* * * LOW HITPOINT WARNING * * *
The catoblepas gores you but does no damage.
Attack whom?
Press: ? - help, Dir - move target cursor, f/p - Polyphemus
Aim: Polyphemus (heavily wounded, poisoned)
You reach to attack!
You slash Polyphemus!
Polyphemus looks as sick as possible!
Polyphemus is heavily wounded.
Polyphemus throws a large rock.
The large rock hits you!
* * * LOW HITPOINT WARNING * * *
The catoblepas gores you!
* * * LOW HITPOINT WARNING * * *
Attack whom?
Press: ? - help, Dir - move target cursor, f/p - Polyphemus
Aim: Polyphemus (heavily wounded, poisoned)
You reach to attack!
You hit Polyphemus but do no damage.
Polyphemus looks as sick as possible!
Polyphemus is heavily wounded.
Attack whom?
Press: ? - help, Dir - move target cursor, f/p - Polyphemus
Aim: Polyphemus (heavily wounded, poisoned)
You reach to attack!
You puncture Polyphemus!
Polyphemus looks as sick as possible!
Polyphemus is severely wounded.
Polyphemus throws a large rock.
The large rock hits you!!
You die...

≈≈≈≈≈≈≈≈..##.##..#### ##).
≈≈≈≈≈≈P≈≈.PP........## ##..≈
≈≈≈≈≈≈≈≈≈.....≈≈.....####...≈
≈≈≈≈≈≈≈≈≈.......≈≈≈≈....=.≈.≈
≈≈≈≈≈≈≈≈..####..≈≈≈≈≈≈.((≈≈..
≈≈≈≈≈≈≈≈..###..≈≈≈≈≈≈≈<≈≈≈≈..
≈≈≈≈≈≈≈≈...##..≈≈)≈≈≈≈≈≈≈≈≈≈.
≈≈≈≈≈≈≈....Y..≈≈≈..≈≈≈≈≈≈≈≈≈
≈≈≈≈≈≈≈≈≈.@≈≈≈≈≈..≈≈≈≈≈≈≈≈≈
≈≈≈≈≈≈≈≈≈††≈≈≈≈≈...≈≈≈≈≈≈≈
≈≈≈≈≈≈≈≈≈C≈≈≈≈≈^.##.≈≈≈≈≈≈
≈≈≈≈≈≈≈≈≈(≈≈≈≈≈≈≈.##≈≈≈.≈≈
≈≈≈≈≈≈≈≈((≈≈≈.≈≈≈≈..≈≈...≈
≈≈≈≈≈≈H≈≈(≈≈≈≈≈≈≈≈≈≈≈...≈≈
≈≈≈≈≈.#((≈≈≈≈≈≈≈ ≈.≈≈..≈≈
≈≈≈≈≈.##≈≈≈≈≈≈≈≈ .≈≈≈≈≈≈
≈≈≈≈≈≈ .≈≈≈≈≈≈≈≈ ≈.≈≈≈≈


You could see Polyphemus, a catoblepas and a manticore.

Vanquished Creatures
  Rupert (D:13)
  Gastronok (Lair:1)
  A nagaraja (Snake:3)
  A stone giant (Volcano)
  A fire dragon (D:14)
  A merfolk impaler (Shoals:2)
  3 vault guards (D:13)
  6 hydras
  2 ice dragons (IceCv)
  A naga warrior (Snake:2)
  A catoblepas (D:11)
  3 centaur warriors (D:13)
  Erica (Lair:1)
  4 two-headed ogres
  5 anacondas
  2 merfolk avatars (Shoals:2)
  9 death yaks
  12 naga sharpshooters
  4 shock serpents
  2 hell knights (D:12)
  2 salamander mystics
  2 unseen horrors
  2 sea snakes (Shoals:2)
  4 naga ritualists
  3 harpies (Shoals:2)
  Pikel (D:8)
  4 orc knights
  A necromancer (D:12)
  2 wolf spider zombies (D:14)
  9 mana vipers
  13 ugly things
  6 fauns
  An oklob plant (Lair:4)
  A deep elf mage (D:13)
  5 orc sorcerers
  4 cyclopes
  8 manticores
  6 salamanders
  22 black mambas
  Joseph (Lair:1)
  A water nymph (Shoals:2)
  A guardian serpent (Snake:2)
  A centaur zombie (D:10)
  10 naga magi
  2 ice statues (IceCv)
  A gargoyle (D:10)
  Maurice (D:12)
  9 spiny frogs
  3 rime drakes
  8 komodo dragons
  An efreet (Volcano)
  A tengu conjurer (D:13)
  10 merfolk
  Grinder (D:3)
  8 trolls
  A polar bear (Lair:5)
  7 dream sheep (Lair:4)
  3 wind drakes
  Prince Ribbit (D:6)
  9 hippogriffs
  3 blink frogs (Lair:5)
  3 slime creatures (D:14)
  2 snapping turtles (Shoals:1)
  A meliai zombie (D:11)
  Sigmund (D:2)
  A vampire (D:13)
  2 wyverns
  2 fire elementals (Volcano)
  2 water elementals (Shoals:1)
  30 yaks
  2 steam dragons
  3 humans
  Edmund (D:5)
  6 wargs
  A wraith (D:10)
  4 hungry ghosts
  3 vampire mosquitoes
  3 basilisks
  An acid dragon (D:14)
  25 nagas
  2 soldier ants (D:12)
  4 hell hounds (D:12)
  11 water moccasins
  9 porcupines
  22 ice beasts
  4 slaves
  7 sky beasts
  30 orc warriors
  A phantom (D:8)
  12 ogres
  9 centaurs
  11 wolves
  12 crocodiles
  A big kobold (D:14)
  13 bullfrogs
  3 earth elementals (Volcano)
  2 gnoll sergeants (D:11)
  6 scorpions
  5 wights (D:13)
  4 howler monkeys (D:11)
  An electric eel (Lair:2)
  A bullfrog zombie (D:11)
  5 crimson imps
  4 centaur skeletons
  2 quasits
  9 hounds
  A bullfrog skeleton (D:11)
  20 orc priests
  11 iguanas
  3 jellies
  12 orc wizards
  Jessica (D:2)
  Ijyb (D:4)
  8 worker ants
  2 hound skeletons
  A worker ant zombie (D:5)
  A howler monkey skeleton (D:10)
  9 gnolls
  14 adders
  2 shadow imps
  An ooze (D:2)
  An adder skeleton (D:4)
  A worm (D:2)
  3 dart slugs
  3 leopard geckos
  109 orcs
  5 bats
  2 giant cockroaches (D:3)
  10 hobgoblins
  7 jackals
  7 kobolds
  7 quokkas
  2 ball pythons
  4 frilled lizards
  8 goblins
  A jackal skeleton (D:4)
  A leopard gecko skeleton (D:8)
  2 quokka skeletons
  9 rats
  A bush (Lair:1)
  A fungus (Lair:2)
794 creatures vanquished.

Vanquished Creatures (collateral kills)
  Aizul (Snake:3)
  A shock serpent (Snake:3)
  A faun (Shoals:2)
  A merfolk siren (Shoals:2)
4 creatures vanquished.

Vanquished Creatures (others)
  10 fungi
  28 plants
38 creatures vanquished.

Grand Total: 836 creatures vanquished

Notes
Turn   | Place    | Note
-------+----------+-------------------------------------------
     0 | D:1      | MisterOstroum the Centaur Monk began the quest for the Orb.
     0 | D:1      | Reached XP level 1. HP: 19/19 MP: 1/1
   320 | D:1      | Reached XP level 2. HP: 20/26 MP: 2/2
  1308 | D:2      | Reached XP level 3. HP: 28/31 MP: 3/3
  1398 | D:2      | Found an ornate altar of the Wu Jian Council.
  1544 | D:2      | Noticed Sigmund
  2155 | D:3      | Noticed Grinder
  2296 | D:3      | Reached XP level 4. HP: 40/40 MP: 4/4
  2496 | D:2      | Noticed an ogre
  2572 | D:2      | Killed an ogre
  2572 | D:2      | Reached XP level 5. HP: 47/47 MP: 5/5
  3219 | D:2      | Noticed Jessica
  3231 | D:2      | Killed Jessica
  3231 | D:2      | Reached skill level 5 in Fighting
  3310 | D:2      | Identified Jessica's Compendium of Sinister Rites
  3535 | D:4      | Reached XP level 6. HP: 55/56 MP: 6/6
  3579 | D:4      | Noticed Ijyb
  3606 | D:4      | Killed Ijyb
  3606 | D:4      | Reached skill level 5 in Polearms
  3676 | D:4      | Found a staircase to the Ecumenical Temple.
  3685 | Temple   | Entered the Ecumenical Temple
  3828 | Temple   | Became a worshipper of Trog the Wrathful
  3828 | Temple   | Reached * piety under Trog
  3828 | Temple   | Reached ** piety under Trog
  4006 | D:4      | Reached skill level 1 in Slings
  4006 | D:4      | Reached skill level 1 in Evocations
  4066 | D:4      | Found a hide-covered altar of Uskayaw.
  4160 | D:4      | Found a snail-covered altar of Cheibriados.
  4160 | D:4      | Found a shadowy altar of Dithmenos.
  4164 | D:4      | Found an ancient bone altar of Kikubaaqudgha.
  4381 | D:4      | Found a blossoming altar of Fedhas.
  4381 | D:4      | Found a burning altar of Makhleb.
  4400 | D:5      | Entered Level 5 of the Dungeon
  4525 | D:5      | Reached XP level 7. HP: 61/61 MP: 8/8
  4638 | D:5      | Found a runed translucent door.
  4639 | D:5      | Noticed Crazy Yiuf
  5058 | D:5      | Reached skill level 1 in Bows
  5119 | D:5      | Noticed Edmund
  5334 | D:5      | Killed Edmund
  5334 | D:5      | Reached skill level 2 in Bows
  5645 | D:5      | Found a runed translucent gate.
  5645 | D:5      | Found a runed translucent gate.
  5645 | D:5      | Found a runed translucent gate.
  5645 | D:5      | Noticed Susanna's ghost (amateur DsGl)
  5762 | D:6      | Reached skill level 3 in Bows
  6055 | D:6      | Found a hazy altar of Hepliaklqana.
  6055 | D:6      | Found a sacrificial altar of Ru.
  6060 | D:6      | Found an iron altar of Okawaru.
  6062 | D:6      | Found a glowing silver altar of Zin.
  6064 | D:6      | Found a faded altar of an unknown god.
  6138 | D:6      | Reached XP level 8. HP: 62/68 MP: 8/10
  6236 | D:6      | Found Lyehirac's Weapon Shoppe.
  6281 | D:6      | Reached *** piety under Trog
  6614 | D:6      | Reached skill level 4 in Bows
  6956 | D:6      | Reached skill level 5 in Bows
  7132 | D:7      | Reached skill level 6 in Bows
  7163 | D:7      | Noticed Prince Ribbit
  7313 | D:7      | Found a flagged portal.
  7341 | Bailey   | Entered a bailey
  7660 | D:7      | Reached skill level 7 in Bows
  8014 | D:7      | Reached skill level 8 in Bows
  8307 | D:8      | Noticed Pikel
  8532 | D:8      | Killed Pikel
  8532 | D:8      | Reached skill level 1 in Armour
  8532 | D:8      | Reached XP level 9. HP: 75/75 MP: 11/11
  9078 | D:8      | Received a gift from Trog
  9081 | D:8      | Reached skill level 9 in Bows
  9127 | D:8      | Reached **** piety under Trog
 10341 | D:9      | Found a staircase to the Lair.
 10372 | D:9      | Noticed a troll
 11098 | D:9      | Killed a troll
 11098 | D:9      | Reached skill level 5 in Evocations
 11226 | D:9      | Reached XP level 10. HP: 84/84 MP: 13/13
 11278 | D:9      | Reached skill level 10 in Bows
 12034 | D:9      | Found a staircase to the Lair.
 12465 | D:10     | Entered Level 10 of the Dungeon
 12492 | Lair:1   | Entered Level 1 of the Lair of Beasts
 12542 | Lair:1   | Noticed a black mamba
 12551 | Lair:1   | Killed a black mamba
 12916 | Lair:1   | Reached skill level 11 in Bows
 12951 | Lair:1   | Noticed a seven-headed hydra
 12987 | Lair:1   | Killed a seven-headed hydra
 13043 | Lair:1   | Noticed a spiny frog
 13114 | Lair:1   | Killed a spiny frog
 13338 | Lair:1   | Reached skill level 12 in Bows
 13373 | Lair:1   | Noticed Joseph
 13387 | Lair:1   | Killed Joseph
 13696 | Lair:1   | Reached XP level 11. HP: 97/97 MP: 14/14
 13923 | Lair:1   | Noticed Gastronok
 14069 | Lair:1   | Noticed Erica
 14193 | Lair:1   | Killed Erica
 14321 | Lair:1   | Killed Gastronok
 14321 | Lair:1   | Received a gift from Trog
 14321 | Lair:1   | Reached skill level 10 in Fighting
 14321 | Lair:1   | Reached skill level 13 in Bows
 14491 | Lair:1   | You fall into a shaft and drop 1 floor!
 15248 | Lair:2   | Reached skill level 14 in Bows
 15378 | Lair:2   | Noticed an eight-headed hydra
 15426 | Lair:2   | Killed an eight-headed hydra
 15575 | Lair:2   | Noticed an oklob plant
 16598 | Lair:3   | Found a staircase to the Shoals.
 17095 | Lair:3   | Found a staircase to the Snake Pit.
 17386 | Lair:3   | Noticed an eight-headed hydra
 17406 | Lair:3   | Killed an eight-headed hydra
 17406 | Lair:3   | Reached skill level 5 in Armour
 17406 | Lair:3   | Reached XP level 12. HP: 107/107 MP: 15/15
 17494 | Lair:3   | Received a gift from Trog
 18848 | Lair:4   | Reached skill level 5 in Dodging
 19220 | Lair:4   | Received a gift from Trog
 19667 | Lair:4   | Upgraded the game from 0.24-a0-715-g0b739ee41d to
                  | 0.24-a0-725-gf1a930fc54
 19718 | Lair:4   | Reached ***** piety under Trog
 20358 | Lair:5   | Received a gift from Trog
 20479 | Lair:5   | Noticed a death yak
 20532 | Lair:5   | Noticed an eight-headed hydra
 20580 | Lair:5   | Noticed a five-headed hydra
 20604 | Lair:5   | Killed a five-headed hydra
 20723 | Lair:4   | Killed a death yak
 20866 | Lair:5   | Noticed a death yak
 20866 | Lair:5   | Noticed a death yak
 20890 | Lair:5   | Noticed a death yak
 20904 | Lair:5   | Noticed a death yak
 20908 | Lair:5   | Noticed a death yak
 20938 | Lair:4   | Killed a death yak
 21066 | Lair:5   | Killed a death yak
 21082 | Lair:5   | Killed an eight-headed hydra
 21082 | Lair:5   | Reached XP level 13. HP: 116/116 MP: 16/16
 21642 | Lair:5   | Received a gift from Trog
 22377 | Lair:5   | Received a gift from Trog
 22378 | Lair:5   | Got a shimmering glaive {god gift}
 22379 | Lair:5   | Identified the +9 glaive of Blind Justice {protect, Fragile
                  | rC+++ Int+5 Stlth-} (Trog gifted it to you on level 5 of
                  | the Lair of Beasts)
 22584 | Lair:6   | Entered Level 6 of the Lair of Beasts
 22584 | Lair:6   | Found a stormy altar of Qazlal.
 22862 | D:6      | Killed Prince Ribbit
 22894 | D:6      | Bought a +6 halberd of venom for 368 gold pieces
 23279 | D:3      | Killed Grinder
 23799 | D:2      | Killed Sigmund
 23934 | D:2      | Found an ornate altar of the Wu Jian Council.
 25197 | D:10     | Found a runed translucent gate.
 25197 | D:10     | Found a runed translucent gate.
 25197 | D:10     | Found a runed translucent gate.
 25655 | D:10     | Found a runed translucent gate.
 25655 | D:10     | Found a runed translucent gate.
 25666 | D:10     | Found a runed translucent gate.
 25671 | D:10     | Noticed tilp's ghost (journeyman TeAE)
 26114 | D:11     | Received a gift from Trog
 26218 | D:11     | Received a gift from Trog
 26480 | D:11     | Found a staircase to the Orcish Mines.
 26641 | D:11     | Received a gift from Trog
 27248 | D:11     | Found Hethrow's Food Boutique.
 27255 | D:11     | Got a distressingly furry cloak
 27272 | D:11     | Identified the +0 cloak of Dogmatism {rF++} (You found it
                  | on level 11 of the Dungeon)
 27289 | D:11     | Received a gift from Trog
 28224 | D:12     | Noticed Maurice
 28241 | D:12     | Reached XP level 14. HP: 105/126 MP: 15/17
 28260 | D:12     | Killed Maurice
 28483 | D:12     | Found a runed translucent gate.
 28484 | D:12     | Found a runed translucent gate.
 28485 | D:12     | Found a runed translucent gate.
 28486 | D:12     | Noticed Jeampu's ghost (journeyman TrHu)
 29742 | D:13     | Received a gift from Trog
 29924 | D:13     | Found a frozen archway.
 29936 | D:13     | Reached skill level 10 in Polearms
 30761 | D:13     | Reached skill level 15 in Bows
 30837 | D:13     | Noticed Rupert
 30839 | D:13     | Reached ****** piety under Trog
 31775 | D:13     | Killed Rupert
 32072 | D:13     | Found a bloodstained altar of Trog.
 32145 | D:13     | Found a gate to the Vaults.
 32410 | D:14     | Received a gift from Trog
 32478 | D:14     | Found Lesusoc's Antique Weapon Boutique.
 32489 | D:14     | Found a frozen archway.
 32516 | IceCv    | Entered an ice cave
 32723 | IceCv    | Reached skill level 16 in Bows
 33710 | IceCv    | Got a glittering wooden ring
 34014 | D:14     | Identified the ring of Gaazxa {rPois rC+ AC+1 Str-3} (You
                  | found it in an ice cave)
 35093 | D:14     | Found a glowing golden altar of the Shining One.
 35188 | D:14     | Found a burning altar of Makhleb.
 35962 | Orc:1    | Entered Level 1 of the Orcish Mines
 35968 | Orc:1    | Reached XP level 15. HP: 138/138 MP: 18/18
 35976 | Orc:1    | Received a gift from Trog
 35985 | Orc:1    | Paralysed by an orc sorcerer for 5 turns
 37217 | Orc:1    | Reached skill level 17 in Bows
 37370 | Orc:2    | Entered Level 2 of the Orcish Mines
 37601 | Orc:1    | Received a gift from Trog
 37661 | Orc:2    | Found a dark tunnel.
 37680 | Volcano  | Entered a volcano
 38530 | Snake:1  | Entered Level 1 of the Snake Pit
 38569 | Snake:1  | Received a gift from Trog
 39813 | Snake:1  | You fall into a shaft and drop 1 floor!
 40711 | Snake:2  | Reached skill level 15 in Fighting
 40712 | Snake:2  | Reached skill level 18 in Bows
 40999 | Snake:2  | Received a gift from Trog
 41654 | Snake:2  | Got a steaming broad axe
 41695 | Snake:1  | Identified the +2 broad axe of Gehenna {chop, +Inv rElec
                  | rPois MR-} (You found it on level 2 of the Snake Pit)
 42332 | Snake:2  | Reached skill level 19 in Bows
 42888 | Snake:3  | Received a gift from Trog
 43410 | Snake:3  | Reached XP level 16. HP: 117/149 MP: 19/19
 43411 | Snake:3  | Reached skill level 20 in Bows
 43411 | Snake:3  | Reached XP level 17. HP: 123/156 MP: 20/20
 44062 | Snake:3  | Noticed Aizul
 44066 | Snake:3  | Noticed Mara
 44069 | Snake:3  | Noticed MisterOstroum's illusion
 44073 | Snake:3  | Killed Aizul
 44079 | Snake:3  | Identified the +2 shield of Moral Flaws {rC+ Str+4 Stlth+}
 44079 | Snake:3  | Noticed Asterion
 44389 | Snake:3  | Found Ylle Suv's Gadget Emporium.
 44746 | Shoals:1 | Entered Level 1 of the Shoals
 44751 | Shoals:1 | Found Ufotzun's Antique Armour Shoppe.
 45252 | Shoals:1 | Identified 2 scrolls of acquirement
 45798 | Shoals:2 | Received a gift from Trog
 46826 | Shoals:2 | Noticed Polyphemus
 46846 | Shoals:2 | Hit by a large rock thrown by Polyphemus

Levels and vault maps discovered:
D:1:      dpeg_arrival_rooms_with_view, layout_basic
D:2:      layout_basic, lemuel_crystal_altar, first_ration, minivault_25,
          hangedman_decor_slide_cut, kennysheep_jessica_study, uniq_sigmund,
          uniq_jessica
D:3:      layout_loops_corners, uniq_grinder
D:4:      layout_loops_ring, gammafunk_temple_overflow_elements,
          grunt_temple_overflow_open, minmay_temple_entry_slanted, uniq_ijyb
D:5:      layout_basic, ebering_ghost_rock_garden, uniq_edmund,
          uniq_crazy_yiuf_cottage
D:6:      layout_gridville, chequers_temple_overflow_minitemple, serial_shops,
          shop, palyth_stone_intersect
D:7:      layout_gridville, enter_bailey_2, uniq_prince_ribbit1
D:8:      layout_loops_ring, grunt_pizzeria, uniq_pikel
D:9:      layout_gridville, lair_entry_dummy
D:10:     layout_basic, ploomutoo_gammafunk_ghost_potion_laboratory,
          minmay_chambers_of_fives
D:11:     nzn_motion_control, layout_rooms, hiddenorc2_lemuel, serial_shops,
          shop_fountains
D:12:     layout_roguey [special_room_orc], gammafunk_ghost_hydra_chop,
          minmay_rotating_lava, uniq_maurice
D:13:     layout_rooms, grunt_vaults_entry_fortified, serial_co_window_serial,
          co_window_corner_a, co_window_paths_a, co_window_of_opportunity_a,
          co_window_paths_b, co_window_cross_1, co_window_paths_a,
          co_window_paths_b, co_window_broadway_b, co_window_broadway_c,
          co_window_corner_ca, co_window_2corner, co_window_2corner,
          co_window_paths_e, glass_columns_a, portal_ice_cave_entry_ice_beasts,
          basic_altar, uniq_rupert
D:14:     layout_basic, basic_altar, portal_ice_cave_entry_pillars_1,
          serial_shops, shop, basic_altar, fungi_pond_lemuel,
          lemuel_flamethrower_hall
Temple:   pf_slime_end_temple
Lair:1:   layout_chaotic_city, grunt_megastairs_1, lemuel_fruit_fields,
          uniq_erica, uniq_joseph, uniq_gastronok
Lair:2:   layout_roguey, nicolae_quartered_pool_medium, minmay_hedge_maze,
          minivault_24, minmay_lair_oklob_chamber
Lair:3:   layout_loops_ring, minmay_shoals_entry_centaurs,
          minmay_snake_entry_guardpost_medium
Lair:4:   layout_misc_corridors, serial_forest, infiniplex_forest_straight_1,
          infiniplex_forest_clump_large, infiniplex_forest_clump_tiny,
          infiniplex_forest_fountain, infiniplex_forest_straight_1,
          infiniplex_forest_straight_3
Lair:5:   layout_regular_city
Lair:6:   minmay_lair_end_frog_pond, layout_long_grid, slime_altar_1,
          basic_altar
Shoals:1: layout_shoals, serial_shops, shop_statue
Shoals:2: layout_shoals, uniq_polyphemus
Snake:1:  layout_misc_corridors, st_stairs_4
Snake:2:  layout_misc_corridors
Snake:3:  layout_misc_corridors, minmay_shoptagon, uniq_mara, uniq_aizul,
          uniq_asterion
Orc:1:    layout_caves
Orc:2:    st_orc_town, layout_caves, enter_volcano_1, nicolae_orc_crystal_geode

Skill      XL: |  1  2  3  4  5  6  7  8  9 10 11 12 13 14 15 16 17 |
---------------+----------------------------------------------------+-----
Polearms       | 3 4 5 6 7 9 10 | 10.3
Fighting       | 4 5 6 9 10 11 12 14 15 | 15.2
Slings         | 2 4 |  4.0
Evocations     | 1 2 3 5 7 |  7.0
Bows           | 3 8 9 12 14 16 19 20 | 20.0
Armour         | 1 2 4 5 7 8 9 |  9.1
Dodging        | 3 4 6 8 9 |  9.6
Stealth        | |  1.1

Action                   |  1- 3 |  4- 6 |  7- 9 | 10-12 | 13-15 | 16-18 || total
-------------------------+-------+-------+-------+-------+-------+-------++-------
Melee: Spear             |   145 |   171 |    88 |    12 |       |       ||   416
       Kick              |    14 |    39 |    41 |   113 |   263 |    24 ||   494
       Trident           |       |     5 |   122 |   309 |    15 |       ||   451
       Unarmed           |       |       |       |     2 |       |       ||     2
       Halberd           |       |       |       |       |   820 |    66 ||   886
       Glaive            |       |       |       |       |    89 |    11 ||   100
 Fire: Hunting sling     |       |    30 |   164 |     8 |       |       ||   202
       Shortbow          |       |       |   211 |   594 |   440 |       ||  1245
       Longbow           |       |       |       |       |   617 |   270 ||   887
Throw: Stone             |     8 |     2 |       |       |       |       ||    10
       Dart              |       |       |       |     3 |       |       ||     3
Invok: Berserk           |       |     1 |    10 |    17 |    32 |     4 ||    64
       Trog's Hand       |       |       |       |     3 |     1 |     1 ||     5
       Brothers in Arms  |       |       |       |       |       |     1 ||     1
Evoke: Wand              |       |       |       |     3 |       |       ||     3
  Use: Scroll            |       |     3 |     2 |    13 |    19 |    12 ||    49
       Potion            |       |       |       |     2 |     2 |     4 ||     8
  Eat: Chunk             |     3 |     6 |    23 |    36 |    50 |     6 ||   124
       Ration            |       |       |     2 |     2 |    12 |     2 ||    18
Armor: Robe              |    11 |       |       |       |       |       ||    11
       Leather armour    |    10 |       |       |       |       |       ||    10
       Ring mail         |     7 |    46 |    64 |       |       |       ||   117
       Plate armour      |       |       |    16 |   175 |   479 |   183 ||   853
       Skin              |       |       |       |     6 |       |       ||     6
       Fire dragon scale |       |       |       |       |   258 |       ||   258
Dodge: Dodged            |    40 |    47 |    76 |    59 |   328 |    54 ||   604

Table legend:
 A = Non-vault XP
 B = Vault XP
 C = Vault XP percentage of total XP
 D = Non-vault monster count
 E = Vault monster count
 F = Vault count percentage of total count
                 A         B        C        D         E       F
            +---------+---------+-------+---------+---------+-------
      Total |  144805 |   41430 |  22.2 |     627 |     165 |  20.8
            +---------+---------+-------+---------+---------+-------
        D:1 |      35 |       3 |   7.9 |      20 |       2 |   9.1
        D:2 |     170 |     266 |  61.0 |      15 |       3 |  16.7
        D:3 |     125 |     286 |  69.6 |      23 |       1 |   4.2
        D:4 |     304 |      36 |  10.6 |      14 |       1 |   6.7
        D:5 |     423 |     178 |  29.6 |      13 |       1 |   7.1
        D:6 |     655 |     268 |  29.0 |      15 |       1 |   6.2
        D:7 |     607 |       0 |   0.0 |      10 |       0 |   0.0
        D:8 |    1492 |     836 |  35.9 |      25 |       2 |   7.4
        D:9 |    1890 |       0 |   0.0 |      26 |       0 |   0.0
       D:10 |    2713 |    3238 |  54.4 |      18 |       9 |  33.3
       D:11 |    8866 |    1951 |  18.0 |      56 |      34 |  37.8
       D:12 |    3762 |    4322 |  53.5 |      18 |      34 |  65.4
       D:13 |    8145 |    9406 |  53.6 |      35 |      19 |  35.2
       D:14 |    8636 |       0 |   0.0 |      32 |       0 |   0.0
     Lair:1 |    4504 |    4022 |  47.2 |      17 |       5 |  22.7
     Lair:2 |    1916 |    1853 |  49.2 |       9 |       5 |  35.7
     Lair:3 |    4305 |     854 |  16.6 |      20 |       6 |  23.1
     Lair:4 |   10170 |       0 |   0.0 |      34 |       0 |   0.0
     Lair:5 |   11957 |     177 |   1.5 |      37 |       1 |   2.6
     Lair:6 |     218 |       0 |   0.0 |       2 |       0 |   0.0
   Shoals:1 |    3685 |       0 |   0.0 |      11 |       0 |   0.0
   Shoals:2 |   15581 |    2613 |  14.4 |      31 |       3 |   8.8
    Snake:1 |   12400 |    1298 |   9.5 |      23 |       2 |   8.0
    Snake:2 |   21181 |       0 |   0.0 |      42 |       0 |   0.0
    Snake:3 |   15424 |    1143 |   6.9 |      27 |       1 |   3.6
      Orc:1 |    5623 |     334 |   5.6 |      48 |       2 |   4.0
      Orc:2 |      18 |     511 |  96.6 |       6 |       6 |  50.0
      IceCv |       0 |    5488 | 100.0 |       0 |      20 | 100.0
    Volcano |       0 |    2347 | 100.0 |       0 |       7 | 100.0
            +---------+---------+-------+---------+---------+-------
